Cogmind - Beta 16.1 @@@ ROGUE MODE // 2026.06.22 @ 22:33:59 Player: Lolterzard Result: Destroyed by S-10 Pest with Light Assault Rifle Performance ------------- Evolutions (0) 0 Regions Visited (4) 800 Robots Destroyed (28) 140 Value Destroyed (751) 751 Prototype IDs (23) 460 Alien Tech Used (0) 0 Bonus (300) 300 TOTAL SCORE: 2451 Bonus ------- Aligned with FarCom 300 Cogmind --------- Core Integrity 0/250 Matter 251/300 Energy 100/100 System Corruption 0% Temperature Cool (0) Movement Rolling (115) Ox1 Location -9/Mines Parts ------- > --- POWER (1) -------- (None) > --- PROPULSION (2) --- Compact Wheel Compact Wheel > --- UTILITY (2) ------ High-capacity Storage Unit Backup Plating I > --- WEAPON (2) ------- (None) > --- INVENTORY (20) --- Ion Engine Ion Engine Compact Wheel Compact Wheel Large Storage Unit Large Storage Unit Lightpack 2.0 High-capacity Matter Pod (200) Sensor Array Sensor Array Tractor Beam Peak State ------------ > --- POWER ------------ Ion Engine > --- PROPULSION ------- Wheel Compact Wheel > --- UTILITY ---------- High-capacity Storage Unit Seismic Detector > --- WEAPON ----------- (None) > --- INVENTORY -------- Ion Engine Ion Engine Compact Wheel Compact Wheel Compact Wheel Large Storage Unit Large Storage Unit Lightpack 2.0 High-capacity Matter Pod Sensor Array Sensor Array Backup Plating I Tractor Beam [Rating: 9] Favorites ----------- Power Ion Engine Engine Ion Engine Propulsion Light Treads Treads Light Treads Wheel Wheel Utility Seismic Detector Device Seismic Detector Storage Large Storage Unit Protection Backup Plating I Weapon Light Assault Rifle Ballistic Gun Light Assault Rifle Launcher Grenade Launcher Build | -11 -10 -10 -10 -9 ------- Run | Yrd Mat Min Exi Min Slots Evolved . | . . . . . Power . | . . . . . Propulsion . | . . . . . Utility . | . . . . . Weapon . | . . . . . Parts Attached 19 | 8 9 . . 2 Power 3 | 1 2 . . . Engine 3 | 1 2 . . . Core . | . . . . . Reactor . | . . . . . Propulsion 6 | 3 2 . . 1 Treads 2 | 2 . . . . Leg . | . . . . . Wheel 4 | 1 2 . . 1 Hover . | . . . . . Flight . | . . . . . Utility 7 | 2 4 . . 1 Device 2 | 1 1 . . . Storage 4 | 1 3 . . . Processor . | . . . . . Hackware . | . . . . . Protection 1 | . . . . 1 Artifact . | . . . . . Weapon 3 | 2 1 . . . Energy Gun . | . . . . . Energy Cannon . | . . . . . Ballistic Gun 2 | 2 . . . . Ballistic Cannon . | . . . . . Launcher 1 | . 1 . . . Special Weapon . | . . . . . Impact Weapon . | . . . . . Slashing Weapon . | . . . . . Piercing Weapon . | . . . . . Special Melee Weapon . | . . . . . Unidentified Prototypes . | . . . . . Parts Lost 9 | . 3 3 . 3 Power 2 | . 1 . . 1 Propulsion 2 | . 1 . . 1 Utility 2 | . 1 . . 1 Weapon 3 | . . 3 . . Highest Loss Streak 3 | . 2 2 . 3 To Critical Strikes . | . . . . . Average Backups 11 | 3 12 12 12 11 Power 1 | . 1 2 2 2 Propulsion 4 | 2 4 3 3 2 Utility 5 | . 5 7 7 7 Weapon . | . . . . . Tool/Special . | . . . . . Unused Backups 9 | . . . . 9 Power 2 | . . . . 2 Propulsion 2 | . . . . 2 Utility 5 | . . . . 5 Weapon . | . . . . . Tool/Special . | . . . . . Average Slot Usage (%) 93 | . 99 86 71 60 Engine 13 | . 13 14 14 7 Treads 15 | . 19 . . . Wheel 12 | . 7 28 28 28 Device 13 | . 13 14 14 3 Storage 14 | . 14 14 14 14 Ballistic Gun 21 | . 27 6 . . Peak Build Rating 9 | 7 8 8 9 9 Average Rating 7 | 5 7 6 7 7 On Entrance 6 | . 7 8 6 9 Avg Prop Armor Cover (%) 13 | 21 . . . 6 Naked Turns . | . . . . . Heaviest Build 49 | 13 48 49 46 46 Greatest Support 40 | 40 40 26 26 26 Greatest Overweight (x) 4 | 2 4 1 1 2 Average Overweight (x) . | . . 1 1 1 Largest Inventory Capacity 20 | 8 20 20 20 20 Average Capacity 15 | 7 15 20 20 20 Most Carried 16 | 5 16 13 15 15 Average Carried 11 | 3 12 12 13 13 Final Capacity 20 | 8 20 20 20 20 Final Carried 15 | 5 13 12 15 13 Class Distribution -------------------- 100% | Mutant Dominant Class ---------------- Mutant | -10/Materials Mutant | -10/Mines Mutant | -10/Exiles Mutant | -9/Mines Resources | -11 -10 -10 -10 -9 ----------- Run | Yrd Mat Min Exi Min Matter Collected 851 | 302 518 31 . . Remotely . | . . . . . Salvage Created 985 | 115 801 69 . . Parts 53 | 7 42 4 . . Haulers Intercepted 2 | . 2 . . . Recyclers Shooed 2 | . 2 . . . Parts Field Recycled . | . . . . . Retrieved Matter . | . . . . . Parts Self-Destructed . | . . . . . Prevented . | . . . . . Parts Restored . | . . . . . Kills | -11 -10 -10 -10 -9 ------- Run | Yrd Mat Min Exi Min Combat Hostiles Destroyed 19 | . 17 2 . . Guns 13 | . 12 1 . . AOE 6 | . 5 1 . . Classes Destroyed 6 | 2 4 . . . Tunneler 2 | 2 . . . . Hauler 2 | . 2 . . . Recycler 2 | 1 1 . . . Watcher 3 | . 3 . . . Swarmer 3 | . 3 . . . Grunt 16 | . 14 2 . . Best Kill Streak 5 | 1 5 2 . . Combat Bots Only 5 | . 5 2 . . Max Kills in Single Turn 2 | 1 2 1 . . Gunslinging . | . . . . . Exploded 2 | . 2 1 . . Melee . | . . . . . Uniques/NPCs Destroyed . | . . . . . Combat | -11 -10 -10 -10 -9 -------- Run | Yrd Mat Min Exi Min Hostile Shots Fired 136 | . 88 26 . 22 Missed 41 | . 27 9 . 5 Hits 95 | . 61 17 . 17 Projectile 95 | . 61 17 . 17 Critical Strikes 2 | . . 1 . 1 Damage Taken 1133 | . 707 289 . 137 Core 251 | . 143 74 . 34 Absorbed by Shields . | . . . . . Core Remaining (%) 100 | 100 . . . . Volleys Fired 113 | 12 87 14 . . Largest 2 | 2 2 2 . . Hottest 50 | 40 50 40 . . Shots Fired 215 | 24 174 17 . . Gun 203 | 24 169 10 . . Cannon . | . . . . . Launcher 12 | . 5 7 . . Special . | . . . . . Kinetic 203 | 24 169 10 . . Thermal . | . . . . . Explosive 12 | . 5 7 . . Electromagnetic . | . . . . . Robot Hit Streak 10 | 3 10 4 . . Robot Miss Streak 6 | 2 6 1 . . Penetration Max . | . . . . . Secondary Targets . | . . . . . Shots Hit Robots 141 | 16 114 11 . . Core Hits 60 | 6 45 9 . . Critical Kills . | . . . . . Critical Parts Destroyed 1 | 1 . . . . Critical Strikes 1 | 1 . . . . Destroy 1 | 1 . . . . Melee Attacks . | . . . . . Impact . | . . . . . Slashing . | . . . . . Piercing . | . . . . . Sneak Attacks . | . . . . . Combat Hostiles . | . . . . . Follow-up Attacks . | . . . . . Damage Inflicted 1761 | 123 1272 366 . . Guns 1041 | 123 865 53 . . Cannons . | . . . . . Explosions 694 | . 381 313 . . Melee . | . . . . . Ramming 26 | . 26 . . . Kinetic 1041 | 123 865 53 . . Thermal . | . . . . . Explosive 694 | . 381 313 . . Electromagnetic . | . . . . . Impact . | . . . . . Slashing . | . . . . . Piercing . | . . . . . Highest Corruption . | . . . . . Average Corruption . | . . . . . Corruption Purged . | . . . . . Corruption Blocked . | . . . . . Overload Shots . | . . . . . Overflow Damage 11 | . 11 . . . Projectiles . | . . . . . Explosions 10 | . 10 . . . Melee 1 | . 1 . . . Knockbacks . | . . . . . Impact . | . . . . . Kinetic . | . . . . . Secondary . | . . . . . Self-Inflicted Damage 87 | . 37 50 . . Shots 5 | . 3 2 . . Rammed 1 | . 1 . . . Targets Rammed 1 | . 1 . . . Kicked . | . . . . . Crushed . | . . . . . Highest Temperature 40 | . 40 15 . . Average Temperature 10 | . 10 8 . . Received Heat Transfer 480 | . 324 156 . . Siege Activations . | . . . . . Martial Activations . | . . . . . Shielding Activations . | . . . . . Robots Disrupted . | . . . . . Combat Hostiles . | . . . . . Robots Corrupted 1 | . 1 . . . Combat Hostiles . | . . . . . Parts Fried 1 | . 1 . . . Impact Corruptions 1 | . 1 . . . Robots Melted . | . . . . . Combat Hostiles . | . . . . . Parts Melted . | . . . . . Heat Transferred . | . . . . . Parts Sabotaged . | . . . . . Parts Stolen . | . . . . . Parts Stripped . | . . . . . Power Chain Reactions . | . . . . . Alert | -11 -10 -10 -10 -9 ------- Run | Yrd Mat Min Exi Min Maximum Alert Level 1 | . 1 . . . Low Security (%) 95 | 100 94 100 . 100 Level 1 4 | . 5 . . . Level 2 . | . . . . . Level 3 . | . . . . . Level 4 . | . . . . . Level 5 . | . . . . . High Security . | . . . . . Max Security . | . . . . . Peak Influence 213 | 5 213 158 . . Initial 78 | . . 78 . . Average 100 | . 109 127 . . Influence Increases 670 | 15 522 133 . . Destroy 0b10 Robot/C 380 | . 340 40 . . Destroy 0b10 Robot/NC 45 | 15 30 . . . Destroy Leader 100 | . 90 10 . . Successful Hack 11 | . 11 . . . Disable Machine 90 | . 30 60 . . Destroy Structure 44 | . 21 23 . . Influence Decreases 670 | 15 321 213 121 . Entered New Map 244 | . . 123 121 . Time Decay 366 | 15 291 60 . . Lost Part 60 | . 30 30 . . Squads Dispatched 5 | . 5 . . . Investigation 2 | . 2 . . . Extermination . | . . . . . Reinforcement 3 | . 3 . . . Assault . | . . . . . Garrison . | . . . . . Intercept . | . . . . . Searches Triggered . | . . . . . Construction Impeded . | . . . . . Haulers Reinforced . | . . . . . Active Scanning Responses . | . . . . . Cargo Convoy Interrupts . | . . . . . Stealth | -11 -10 -10 -10 -9 --------- Run | Yrd Mat Min Exi Min Distress Signals . | . . . . . Communications Jammed . | . . . . . Distress Signals . | . . . . . Times Spotted 35 | . 28 4 . 3 Peak Tracking Total 9 | . 9 2 . 3 Tactical Retreats . | . . . . . Traps | -11 -10 -10 -10 -9 ------- Run | Yrd Mat Min Exi Min Traps Triggered 2 | . 2 . . . Indirectly . | . . . . . Trap Hack Attempts . | . . . . . Triggered . | . . . . . Disarmed . | . . . . . Reprogrammed . | . . . . . Reused . | . . . . . Traps Extracted . | . . . . . Installed . | . . . . . Triggered . | . . . . . Machines | -11 -10 -10 -10 -9 ---------- Run | Yrd Mat Min Exi Min Machines Disabled 6 | . 2 4 . . Max in Single Turn 2 | . 1 2 . . Machines Repaired . | . . . . . Machines Dismantled . | . . . . . Machines Sabotaged . | . . . . . Overloaded Fab Kills . | . . . . . Hacking | -11 -10 -10 -10 -9 --------- Run | Yrd Mat Min Exi Min Machines Accessed 4 | . 3 . 1 . Terminals 3 | . 3 . . . Fabricators . | . . . . . Repair Stations . | . . . . . Recycling Units . | . . . . . Scanalyzers . | . . . . . Garrison Access . | . . . . . Total Hacks 10 | . 9 . 1 . Successful 4 | . 3 . 1 . Failed 6 | . 6 . . . Catastrophic 1 | . 1 . . . Database Lockouts . | . . . . . Manual 1 | . . . 1 . Terminals 9 | . 9 . . . Fabricators . | . . . . . Repair Stations . | . . . . . Recycling Units . | . . . . . Scanalyzers . | . . . . . Garrison Access . | . . . . . Terminal Hacks 4 | . 3 . 1 . Branch Access Points 1 | . 1 . . . Emergency Access Points 1 | . 1 . . . Locate Traps 1 | . 1 . . . Proto ID Catalog 1 | . . . 1 . Fabricator Hacks . | . . . . . Repair Station Hacks . | . . . . . Recycling Unit Hacks . | . . . . . Scanalyzer . | . . . . . Garrison Access Hacks . | . . . . . Unauthorized Hacks . | . . . . . Terminals . | . . . . . Fabricators . | . . . . . Repair Stations . | . . . . . Recycling Units . | . . . . . Scanalyzers . | . . . . . Garrison Access . | . . . . . Data Cores Recovered . | . . . . . Used . | . . . . . Hacking Detections 3 | . 3 . . . Full Trace Events 3 | . 3 . . . Feedback Events . | . . . . . Feedback Blocked . | . . . . . Robot Schematics Acquired . | . . . . . Robots Built . | . . . . . Authchips . | . . . . . Time . | . . . . . Total Robot Build Rating . | . . . . . Part Schematics Acquired . | . . . . . Parts Built . | . . . . . Authchips . | . . . . . Time . | . . . . . Total Part Build Rating . | . . . . . Part Studies Acquired . | . . . . . Parts Repaired . | . . . . . Time . | . . . . . Parts Recycled . | . . . . . Recycled Matter . | . . . . . Retrieved Matter . | . . . . . Retrieved Components . | . . . . . Parts Scanalyzed . | . . . . . Part Schematics Acquired . | . . . . . Parts Damaged . | . . . . . Bothacking | -11 -10 -10 -10 -9 ------------ Run | Yrd Mat Min Exi Min Used RIF Installer . | . . . . . Robots Hacked . | . . . . . Non-combat . | . . . . . Combat . | . . . . . Robot Hacks Applied . | . . . . . Relay Couplers Released . | . . . . . Fabnet Peak Effective % . | . . . . . Robots Rewired . | . . . . . Allies Hacked . | . . . . . Hacks Repelled . | . . . . . Allies | -11 -10 -10 -10 -9 -------- Run | Yrd Mat Min Exi Min Total Allies . | . . . . . Largest Group . | . . . . . Highest-Rated Group . | . . . . . Highest-Rated Ally . | . . . . . Total Orders . | . . . . . Ally Attacks . | . . . . . Total Damage . | . . . . . Kills . | . . . . . Allies Corrupted . | . . . . . Allies Melted . | . . . . . Intel | -11 -10 -10 -10 -9 ------- Run | Yrd Mat Min Exi Min Active Infowar (turns) 1586 | 18 1228 122 216 2 Seismic 1586 | 18 1228 122 216 2 Robot Analysis Total . | . . . . . Derelict Logs Recovered . | . . . . . Drone Launches . | . . . . . Drone Recoveries . | . . . . . Exploration | -11 -10 -10 -10 -9 ------------- Run | Yrd Mat Min Exi Min Turns Passed 1730 | 121 1245 122 216 26 Spaces Moved 1045 | 53 682 86 205 19 Core 16 | 16 . . . . Treads 455 | 37 418 . . . Legs . | . . . . . Wheels 574 | . 264 86 205 19 Hover . | . . . . . Flight . | . . . . . Fastest Speed 50 | 50 95 105 105 105 Average Speed 129 | 138 140 105 105 122 Slowest Speed 160 | 160 160 105 105 130 Overloaded Moves . | . . . . . Propulsion Burnouts . | . . . . . Robots Hopped . | . . . . . Potential Cave-ins . | . . . . . Cave-ins Triggered . | . . . . . Exploration Rate (%) 40 | 4 96 33 59 11 Regions Visited 4 Branch Regions 3 Pre-discovered Areas . | . . . . . Known Exits Taken 1 | . 1 . . . Unknown Exits Taken 3 | 1 . 1 1 . Scrap Searched . | . . . . . Spaces Dug . | . . . . . Terrain Destroyed 56 | . 25 31 . . Melee . | . . . . . Projectile . | . . . . . AOE 56 | . 25 31 . . Terrain Rammed . | . . . . . Walls Destroyed . | . . . . . Machines Disabled . | . . . . . Actions | -11 -10 -10 -10 -9 --------- Run | Yrd Mat Min Exi Min Total 1238 | 79 830 102 205 22 Wait 38 | . 35 2 . 1 Move 1041 | 52 681 85 204 19 Hop . | . . . . . Pick Up 18 | 6 11 . 1 . Fast Attach 6 | 6 . . . . Attach 10 | 2 5 1 . 2 Detach 1 | 1 . . . . Swap 6 | . 6 . . . Drop 4 | . 4 . . . Fire 113 | 12 87 14 . . Melee . | . . . . . Ram 1 | . 1 . . . Kick . | . . . . . Crush . | . . . . . Escape Stasis . | . . . . . Rewire . | . . . . . Trap . | . . . . . Miscellaneous . | . . . . . Route ------- -11/Scrapyard -10/Materials (discovered 5 exits: [*Mat x3] / *Min / [*Sub]) -10/Mines -10/Exiles -9/Mines History --------- Turn | Location | Event 64 | -11/Scrapyard | Discovered new exit (range 14) 122 | -11/Scrapyard | Entered Materials 269 | -10/Materials | Discovered new exit (range 16) 300 | -10/Materials | Build established: Mutant 535 | -10/Materials | Discovered new exit (range 8) 706 | -10/Materials | Discovered new exit (range 7) 1059 | -10/Materials | Discovered new exit (range 9) 1169 | -10/Materials | Identified exit to Mines 1171 | -10/Materials | Discovered new exit (range 16) 1310 | -10/Materials | Core integrity fell below 50% 1367 | -10/Materials | Entered Mines 1468 | -10/Mines | Core integrity fell below 20% 1483 | -10/Mines | Deemed a non-threat by the Exiles lab entrance 1485 | -10/Mines | Discovered new exit (range 5) 1489 | -10/Mines | Entered Exiles 1516 | -10/Exiles | Met 8R-AWN 1534 | -10/Exiles | Met EX-HEX 1562 | -10/Exiles | Met EX-BIN 1575 | -10/Exiles | Aligned with FarCom system 1576 | -10/Exiles | Given EX-Vault access code 1600 | -10/Exiles | Opened EX-Vault 1607 | -10/Exiles | Found Lightpack 2.0 1629 | -10/Exiles | Warned to stay clear of 0b10 Research branches 1656 | -10/Exiles | Met EX-DEC 1692 | -10/Exiles | Discovered new exit (range 14) 1705 | -10/Exiles | Left Exiles lab with Lightpack 2.0 1705 | -10/Exiles | Entered Mines 1731 | -9/Mines | Destroyed by S-10 Pest with Light Assault Rifle Last Messages --------------- branches, since the FarCom signals could be picked up there, but you're welcome to try if you really want to. And if we have to leave here due to unforeseen circumstances, don't worry the FarCom system will continue to maintain contact via our distributed network. EX-BIN: And don't even think about spreading that code around. We're gonna change it right after you leave. Most certainly not to something like 1234 which I did last time as a little joke and some thief managed to sneak in here and steal a few of HEX's prototypes. EX-DEC: Ah I see we have a visitor. One wrong move in here and I'll invert your atomic chain! 01658_ EX-DEC: "Oops, I hope HEX didn't hear that..." 01692_ EXIT=FOUND LOCATION=UNKNOWN GOAL=ESCAPE 01705_ Receiving FarCom transmissions... 01706_ S-10 Pest destroyed. 01707_ Seismic Detector destroyed. 01711_ Ion Engine destroyed. 01711_ Wheel destroyed. Map ----- +----------------------------------------------------+ | | | | | | | | | | | | | ???????????????????????????????? | | ???????????????????????????????? | | ???????##############??????????? | | ???????# #??????????? | | ???????# """ #??????????? | | ???????# """ #??????????? | | ???????# """ #####??????? | | ???????# % #??????? | | ???????# """ """ ## #??????? | | ???????# """ """ ## #??????? | | ???????# """ """ ## #??????? | | ???????# ## #??????? | | ???????? """ """ ## #??????? | | ???????? """ """ ## #??????? | | ??????????"" """ ## #??????? | | ????????????? ## ####???? | | ?????????????######### s #???? | | ?????????????????????# #???? | | ?????????????????????####s #???? | | ????????????????????????#@ #???? | | ????????????????????????# #???? | | ????????????????????????# #???? | | ???????????????????????? #???? | | ???????????????????????? #???? | | ???????????????????????? #???? | | ???????????????????????? ???? | | ??????????????????????? ???? | | ???????????????????????# ???? | | ???????????????????????######??? | | ???????????????????????????????? | | ???????????????????????????????? | | ???????????????????????????????? | | ???????????????????????????????? | | ???????????????????????????????? | | ???????????????????????????????? | | ???????????????????????????????? | | ???????????????????????????????? | | ???????????????????????????????? | | ???????????????????????????????? | | ???????????????????????????????? | | ???????????????????????????????? | | ???????????????????????????????? | | ???????????????????????????????? | | ???????????????????????????????? | +----------------------------------------------------+ Best States ------------- Heat Dissipation 25 Energy Generation 10 Energy Capacity 250 Matter Stores 300 Matter Capacity 300 Sight Range 16 Terrain Scan Density 10 Armor Coverage 80 Evasion (%) 50 Recoil Reduction 2 Item Schematics ----------------- None Robot Schematics ------------------ None Fabricated ------------ Nothing Repaired ---------- Nothing Studied --------- None Alien Tech Used ----------------- None Achievements -------------- None Challenges ------------ None Game ------ Seed ScrapFlightThruster Manual? 0 Play Time 00:09:33 Cumulative 45.6 hours Start 2026.06.22 @ 22:24:38 End 2026.06.22 @ 22:33:59 Sessions 1 Manual Loads 0 Difficulty Rogue Special Mode None Game No. 89 Rogue 89 Adventurer 0 Explorer 0 Win Type - Total 0 Types 0/0/0/0/0/0/0/0/0/0 Lore% 23 Gallery% 24 Achievement% 21 Wizard Run 0 Options --------- Layout 0 ASCII 0 Keyboard 0 Movement Mouse Keybinds 0 Fullscreen 2 Font 24/Smallcaps Map View 76x50 Zoom Use 0% Tactical HUD 1 Map Filters NONE Filters NONE Steam 1 RUN: 3cbc0a14-7683-4fc6-bc31-aa2a1e279baa